[Event "Titled Tuesday Blitz October 31 Late 2023"]
[White "Musovic, Armin"]
[Black "Eljanov, Pavel"]
[WhiteFideId "939935"]
[BlackFideId "14102951"]
[WhiteElo "2454"]
[BlackElo "2819"]
[Result "1/2-1/2"]
[Round "1"]
[TimeControl "180+1"]
[Date "2023.10.31"]
[WhiteClock "0:00:57"]
[BlackClock "0:00:06"]
[Board "46"]

1. a3 d5 2. Nc3 d4 3. Ne4 f5 4. Ng3 e5 5. e4 dxe3 6. fxe3 Nf6 7. Bc4 Bd6 8. Nf3 Qe7 9. d4 e4 10. Ng5 Rf8 11. Bd2 h6 12. Nh3 g5 13. Nh5 Ng4 14. Qe2 Nc6 15. O-O-O Bd7 16. Kb1 O-O-O 17. Ba2 Bxh2 18. c4 Qf7 19. c5 Qxh5 20. Rxh2 Qg6 21. Rhh1 Be6 22. Bc4 Bxc4 23. Qxc4 Ne7 24. Rde1 Nd5 25. Rhf1 Qa6 26. Qb3 Qd3+ 27. Qc2 Qxc2+ 28. Kxc2 f4 29. exf4 e3 30. fxg5 exd2 31. Kxd2 Rxf1 32. Rxf1 Nge3 33. Rf2 hxg5 34. Nxg5 Rg8 35. Ne4 Rxg2 36. Rxg2 Nxg2 37. b4 Ngf4 38. Ng5 Kd7 39. b5 c6 40. a4 a5 41. Ne4 Ne6 42. Nd6 Kc7 43. Kd3 cxb5 44. Nxb5+ Kc6 45. Na7+ Kd7 46. Kc4 Nec7 47. Nb5 Ne3+ 48. Kb3 Nxb5 49. axb5 Nf5 50. Ka4 Nxd4 51. Kxa5 Kc7 52. Kb4 Nf5 53. Kc4 Ne7 54. Kd4 Nc8 55. Kc4 Ne7 56. Kd4 Nf5+ 57. Kd5 Ne3+ 58. Kd4 Ng4 59. Kd5 Nf2 60. Kd4 Kd8 61. Kc4 Kc8 62. Kd4 Ng4 63. Kc4 Nf6 64. Kd4 Ne8 65. Kc4 Nc7 66. Kb4 Kb8 67. Ka5 Ne6 68. Kb6 Nf8 69. c6 bxc6 70. bxc6 Kc8 71. Kc5 Kc7 72. Kd4 Ne6+ 73. Kc4 Nd8 74. Kc3 Nxc6 1/2-1/2


[Site "https://www.chess.com"]

[Event "Titled Tuesday Blitz October 31 Late 2023"]
[White "Holt, Conrad"]
[Black "ATM622"]
[WhiteFideId "2034387"]
[WhiteElo "2816"]
[BlackElo "2450"]
[Result "0-1"]
[Round "1"]
[TimeControl "180+1"]
[Date "2023.10.31"]
[WhiteClock "0:00:00"]
[BlackClock "0:00:45"]
[Board "47"]

1. d4 Nf6 2. c4 e6 3. Nc3 d5 4. cxd5 exd5 5. Bg5 Be7 6. e3 O-O 7. Bd3 h6 8. Bh4 c6 9. Nge2 Ne4 10. Bxe7 Qxe7 11. Qb1 Bf5 12. O-O Nd2 13. Qc2 Nxf1 14. Bxf5 Nxe3 15. fxe3 Qxe3+ 16. Kh1 Na6 17. Rf1 Rae8 18. Rf3 Qxd4 19. Qc1 Qe5 20. Bb1 d4 21. Ne4 f5 22. N4g3 Nc5 23. Qc4+ Qd5 24. Qxd5+ cxd5 25. Rf1 d3 26. Nc3 d4 27. Nb5 d2 28. Bc2 d3 29. Bd1 Re1 30. Kg1 f4 31. Nh1 Rfe8 0-1


[Site "https://www.chess.com"]

[Event "Titled Tuesday Blitz October 31 Late 2023"]
[White "Liu, Casper"]
[Black "Hambleton, Aman"]
[WhiteFideId "1454153"]
[BlackFideId "2606577"]
[WhiteElo "2450"]
[BlackElo "2813"]
[Result "1-0"]
[Round "1"]
[TimeControl "180+1"]
[Date "2023.10.31"]
[WhiteClock "0:00:39"]
[BlackClock "0:00:00"]
[Board "48"]

1. e4 c5 2. d4 cxd4 3. Qxd4 Nc6 4. Qe3 g6 5. Nc3 Bg7 6. Bd2 d6 7. O-O-O Nf6 8. Nd5 Ng4 9. Qg3 O-O 10. f3 Nge5 11. Bc3 e6 12. Ne3 b5 13. f4 b4 14. Bxe5 Nxe5 15. fxe5 Bxe5 16. Qf2 Qb6 17. Ng4 Qxf2 18. Nxf2 Rd8 19. Nf3 Bf4+ 20. Kb1 a5 21. Bc4 Bb7 22. Rhf1 Kf8 23. g3 Bh6 24. Ng4 Bg7 25. Ng5 Kg8 26. Rxf7 Ba6 27. Bxe6 h6 28. Rc7+ Kh8 29. Nf7+ Kh7 30. Nxd8 Rxd8 31. e5 h5 32. Rxd6 Rf8 33. Nf6+ Kh6 34. Rf7 Ra8 35. Rdd7 Bxf6 36. exf6 Bb5 37. Rh7+ Kg5 38. Rd5+ Kxf6 39. Rxb5 Rd8 40. Bd7 1-0


[Site "https://www.chess.com"]

[Event "Titled Tuesday Blitz October 31 Late 2023"]
[White "Brodsky, David"]
[Black "Mushini Ajay"]
[WhiteFideId "2073250"]
[BlackFideId "35066188"]
[WhiteElo "2809"]
[BlackElo "2448"]
[Result "1-0"]
[Round "1"]
[TimeControl "180+1"]
[Date "2023.10.31"]
[WhiteClock "0:01:58"]
[BlackClock "0:01:42"]
[Board "49"]

1. e4 c5 2. Nf3 e6 3. d4 cxd4 4. Nxd4 Nc6 5. Nc3 Qc7 6. Be3 Nf6 7. f4 d6 8. Qf3 Be7 9. O-O-O a6 10. Kb1 Nxd4 11. Bxd4 e5 12. fxe5 dxe5 13. Qg3 O-O 14. Bxe5 Qc6 15. Nd5 Bd8 16. Bd3 Nxd5 17. Qxg7# 1-0


[Site "https://www.chess.com"]

[Event "Titled Tuesday Blitz October 31 Late 2023"]
[White "Perez Rodriguez, Jennifer"]
[Black "Kobo, Ori"]
[WhiteFideId "3507831"]
[BlackFideId "2812320"]
[WhiteElo "2446"]
[BlackElo "2807"]
[Result "0-1"]
[Round "1"]
[TimeControl "180+1"]
[Date "2023.10.31"]
[WhiteClock "0:00:03"]
[BlackClock "0:00:13"]
[Board "50"]

1. e4 c5 2. c3 d5 3. exd5 Qxd5 4. d4 Nc6 5. Nf3 Nf6 6. Na3 Bg4 7. Be2 e6 8. Nb5 Qd7 9. dxc5 Bxc5 10. Qxd7+ Kxd7 11. Bf4 a6 12. Rd1+ Ke7 13. Nd6 Nd5 14. Nxb7 Bxf2+ 15. Kxf2 Nxf4 16. Nc5 Nxe2 17. Kxe2 Ne5 18. Kf2 Bxf3 19. gxf3 Rhc8 20. Nd3 Nc6 21. Rhe1 Rab8 22. b3 a5 23. c4 a4 24. Nc5 axb3 25. axb3 Ra8 26. Rd7+ Ke8 27. Rb7 Ra2+ 28. Kg3 Nd4 29. Ne4 Nf5+ 30. Kh3 Rd8 31. Ng3 Nd4 32. Re3 Rf2 33. Nh5 Kf8 34. Kg3 Rb2 35. Kh3 g6 36. Nf4 Nf5 37. Re2 Rb1 38. c5 g5 39. Nh5 Rd3 40. Rf2 Rbxb3 41. Rxb3 Rxb3 42. Rc2 Rb4 43. c6 Rh4+ 44. Kg2 Rxh5 45. c7 Ne7 46. c8=Q+ Nxc8 47. Rxc8+ Kg7 48. Rc7 Rh4 49. Kg3 Rf4 50. Rc5 h6 51. Rc7 Kg6 52. Rd7 Rf5 53. Rb7 Rd5 54. Rb8 Kg7 55. Rb7 Rd3 56. Kg4 Kg6 57. Kg3 h5 58. Rb8 g4 59. Rg8+ Kh7 60. Rg5 Rxf3+ 61. Kg2 Kh6 62. Rg8 Rf5 0-1


[Site "https://www.chess.com"]

[Event "Titled Tuesday Blitz October 31 Late 2023"]
[White "Troff, Kayden"]
[Black "Semenenko, Dmytry"]
[WhiteFideId "2047896"]
[BlackFideId "14118645"]
[WhiteElo "2797"]
[BlackElo "2443"]
[Result "1-0"]
[Round "1"]
[TimeControl "180+1"]
[Date "2023.10.31"]
[WhiteClock "0:01:28"]
[BlackClock "0:00:54"]
[Board "51"]

1. d4 d5 2. Nf3 Nf6 3. Bf4 c5 4. e3 Nc6 5. Nc3 a6 6. dxc5 e6 7. Na4 Nd7 8. c3 Nxc5 9. Nxc5 Bxc5 10. Bd3 Bd6 11. Bxd6 Qxd6 12. O-O O-O 13. e4 Qf4 14. Re1 Rd8 15. Qc2 d4 16. e5 h6 17. Re4 Qf5 18. Rh4 g5 19. Bxf5 gxh4 20. Be4 Bd7 21. cxd4 Rac8 22. Qd2 Kg7 23. Qf4 Rg8 24. d5 Ne7 25. d6 Nf5 26. Bxf5 exf5 27. Nxh4 Kh7 28. Nxf5 Rg6 29. Ne7 Rg4 30. Qxf7+ Kh8 31. Ng6+ Rxg6 32. Qxg6 1-0


[Site "https://www.chess.com"]

[Event "Titled Tuesday Blitz October 31 Late 2023"]
[White "Jovic, Stanoje"]
[Black "Sokolovsky, Yahli"]
[WhiteFideId "905020"]
[BlackFideId "2820242"]
[WhiteElo "2439"]
[BlackElo "2792"]
[Result "0-1"]
[Round "1"]
[TimeControl "180+1"]
[Date "2023.10.31"]
[WhiteClock "0:00:00"]
[BlackClock "0:00:07"]
[Board "52"]

1. c4 d6 2. g3 e5 3. Bg2 Nc6 4. Nc3 Be6 5. Qa4 Qd7 6. Nf3 Be7 7. Nd5 Nf6 8. Nxe7 Qxe7 9. Nxe5 O-O 10. Nxc6 bxc6 11. Bxc6 Bg4 12. f3 Bd7 13. Kf2 Rfe8 14. Re1 Qe6 15. Bxd7 Nxd7 16. Kg2 Nb6 17. Qc2 Nxc4 18. b3 Nb6 19. Bb2 c5 20. e4 Rac8 21. Rad1 f6 22. Qc3 Qf7 23. h4 c4 24. b4 d5 25. e5 fxe5 26. Rxe5 Na4 27. Qd4 Nxb2 28. Qxb2 Rxe5 29. Qxe5 Re8 30. Qf4 Re2+ 31. Kf1 Qxf4 32. gxf4 Rh2 33. a4 Rxh4 34. Ke2 Rxf4 35. Ke3 g5 36. Rb1 d4+ 37. Ke2 Rf6 38. b5 Re6+ 39. Kf2 Re5 40. a5 Kf7 41. b6 axb6 42. axb6 Re8 43. Rb4 c3 44. dxc3 dxc3 45. Rc4 Rb8 46. Rc6 c2 47. Rxc2 Rxb6 48. Kg3 Kg6 49. Rc8 h6 50. Rg8+ Kh7 51. Rc8 Kg7 52. Ra8 Rc6 53. Rb8 Rd6 54. Rc8 Rb6 55. Ra8 Rc6 56. Rb8 Re6 57. Rc8 Re1 58. Rb8 Rg1+ 59. Kf2 Rc1 60. Kg3 Kg6 61. Rg8+ Kh5 62. Rh8 Rc3 63. Kg2 Rc2+ 64. Kg3 Rc3 65. Kg2 Rc6 66. Kg3 Rb6 67. Rh7 Rb3 68. Kg2 Rc3 69. Kf2 Rc6 70. Kg3 Kg6 71. Rh8 Rc3 72. Kg2 Rb3 73. Rg8+ Kf5 74. Rh8 Rb6 75. Kg3 Re6 76. Kg2 Kf4 77. Rf8+ Ke5 78. Kg3 Rf6 79. Re8+ Kf5 80. Rh8 Re6 81. Rf8+ Rf6 82. Rh8 Ra6 83. Rf8+ Kg6 84. Rg8+ Kh5 85. Rh8 Ra2 86. Kh3 Ra3 87. Kg2 Rd3 88. Kf2 Rd2+ 89. Kg3 Rd6 90. Kg2 Kg6 91. Rg8+ Kf5 92. Rf8+ Rf6 93. Re8 h5 94. Rh8 h4 95. Ra8 Re6 96. Rf8+ Kg6 97. Rg8+ Kf6 98. Rf8+ Ke5 99. Rg8 Kf5 100. Rf8+ Rf6 101. Rg8 Rd6 102. Rf8+ Kg6 103. Rg8+ Kf6 104. Rf8+ Kg7 105. Ra8 Rd2+ 106. Kh3 Rf2 107. Kg4 Rg2+ 0-1


[Site "https://www.chess.com"]

[Event "Titled Tuesday Blitz October 31 Late 2023"]
[White "Javakhadze, Zurab"]
[Black "Prieto Aranguren, Alain"]
[WhiteFideId "13603647"]
[BlackFideId "2268906"]
[WhiteElo "2781"]
[BlackElo "2438"]
[Result "1-0"]
[Round "1"]
[TimeControl "180+1"]
[Date "2023.10.31"]
[WhiteClock "0:00:12"]
[BlackClock "0:00:00"]
[Board "53"]

1. Nf3 f5 2. d3 Nf6 3. e4 d6 4. Nc3 e5 5. exf5 Bxf5 6. d4 e4 7. Nh4 Bd7 8. Bg5 Be7 9. Bc4 Bg4 10. f3 exf3 11. Nxf3 c6 12. O-O d5 13. Bd3 O-O 14. Qe1 Nbd7 15. Qh4 Bxf3 16. Rxf3 Rf7 17. Raf1 Nf8 18. Ne2 Qd7 19. Ng3 Re8 20. Nf5 Ng6 21. Nxe7+ Qxe7 22. Bxg6 hxg6 23. Bxf6 Rxf6 24. Rxf6 gxf6 25. Qxf6 Qxf6 26. Rxf6 Re2 27. Rxg6+ Kf7 28. Rg3 Rxc2 29. Rb3 b5 30. h4 Rd2 31. Rc3 Rxb2 32. Rxc6 Rxa2 33. Rc5 b4 34. Rxd5 b3 35. Rb5 b2 36. Kh2 a5 37. h5 Kg7 38. d5 a4 39. d6 b1=Q 40. Rxb1 Rd2 41. Ra1 Rd4 42. d7 Kh6 43. g4 Kg5 44. Rxa4 Rd2+ 45. Kg3 Rd3+ 46. Kf2 Rxd7 47. Kf3 Rd3+ 48. Ke4 Rg3 49. Ke5 Re3+ 50. Kd6 Re1 51. Rd4 Re2 52. Kd5 Re1 53. Kc4 Re2 54. Kd3 Re1 55. Re4 Rd1+ 56. Ke3 Ra1 57. Kd4 Ra4+ 58. Ke5 Ra5+ 59. Ke6 Ra6+ 60. Kf7 Ra7+ 61. Re7 Ra4 62. Kg7 Rxg4 63. h6 Kf5+ 64. Kf7 Rh4 65. Re6 Kg5 66. Rg6+ Kf5 67. Kg7 Ra4 68. Rf6+ Kg5 69. h7 Ra7+ 70. Rf7 1-0


[Site "https://www.chess.com"]

[Event "Titled Tuesday Blitz October 31 Late 2023"]
[White "Yeritsyan, Hayk"]
[Black "Mekhitarian, Krikor Sevag"]
[WhiteFideId "13307320"]
[BlackFideId "2107660"]
[WhiteElo "2436"]
[BlackElo "2775"]
[Result "1/2-1/2"]
[Round "1"]
[TimeControl "180+1"]
[Date "2023.10.31"]
[WhiteClock "0:00:08"]
[BlackClock "0:00:07"]
[Board "54"]

1. d4 Nf6 2. Nf3 g6 3. Bf4 Bg7 4. h3 O-O 5. e3 c5 6. c3 Qb6 7. Qb3 d6 8. Be2 Be6 9. Qxb6 axb6 10. a3 Bd7 11. Nbd2 cxd4 12. exd4 b5 13. O-O Na6 14. Rfe1 Nd5 15. Bg3 Nac7 16. Bd3 Rfe8 17. Rad1 Bc6 18. Re2 Ne6 19. Bc2 Nb6 20. Rde1 Bd5 21. Bd3 Nc4 22. Nxc4 bxc4 23. Be4 Ra5 24. Bxd5 Rxd5 25. Nd2 Rc8 26. Nf3 Ra8 27. Nd2 Rc8 28. Kf1 Rb5 29. Nf3 Bf6 30. Rd1 Nc7 31. Bh4 Bxh4 32. Nxh4 Nd5 33. g3 Ra8 34. Ng2 Kf8 35. Ne3 Nb6 36. Rdd2 d5 37. Kg2 Na4 38. f4 Ra6 39. Kf3 Rab6 40. Nd1 e6 41. Rc2 Kg7 42. g4 Kf6 43. g5+ Kg7 44. h4 h6 45. Kg3 Ra6 46. Nf2 Rab6 47. Nd1 h5 48. Kf3 Kf8 49. Kg3 Rb3 50. Kg2 Ke7 51. Kf2 Kd6 52. Kg2 Kc6 53. Kf2 R6b5 54. Kg2 Kb6 55. Kf2 Ka5 56. Kg2 Rb6 57. Kf2 Ra6 58. Ke1 Rab6 59. Rf2 R6b5 60. Rfe2 Nb6 61. Kd2 Nc8 62. Kc1 Nd6 63. Re5 Rb6 64. Ne3 Ka6 65. Nd1 Ka7 66. Ne3 Kb8 67. Nd1 Nf5 68. Rxf5 exf5 69. Re2 Rc6 70. Re5 Rb5 71. Ne3 Re6 72. Rxe6 fxe6 73. Kc2 Kc7 74. Kc1 Kd6 75. Nc2 Rb6 76. Nb4 Rb5 77. Kd2 Ra5 78. Ke3 Ra8 79. Kd2 Ra5 80. Ke3 Rb5 81. Kd2 Rb6 82. Ke3 e5 83. fxe5+ Ke6 84. Kf4 Rb5 85. Kf3 Ra5 86. Kf4 Rb5 87. Ke3 Rb6 88. Kf4 Rb5 1/2-1/2


[Site "https://www.chess.com"]

[Event "Titled Tuesday Blitz October 31 Late 2023"]
[White "Alex_Sahakyan2006"]
[Black "Miszler, Levente"]
[BlackFideId "763276"]
[WhiteElo "2756"]
[BlackElo "2436"]
[Result "1-0"]
[Round "1"]
[TimeControl "180+1"]
[Date "2023.10.31"]
[WhiteClock "0:01:53"]
[BlackClock "0:01:47"]
[Board "55"]

1. e4 e6 2. d4 d5 3. Bd3 c5 4. exd5 exd5 5. c3 Nf6 6. Nf3 c4 7. Bc2 Nc6 8. O-O Be7 9. b3 cxb3 10. axb3 O-O 11. h3 Be6 12. Re1 Rc8 13. Ng5 Qd7 14. Qd3 h6 15. Nh7 g6 16. Nxf8 Bxf8 17. Qf3 Bg7 18. Bd3 Ne7 19. Rxa7 Nf5 20. Bf4 Ne4 21. Be5 Bxe5 22. dxe5 Nxc3 23. Bxf5 Bxf5 24. Nxc3 d4 25. Ne4 1-0


[Site "https://www.chess.com"]

[Event "Titled Tuesday Blitz October 31 Late 2023"]
[White "Mindhunter08"]
[Black "Horton, Andrew P"]
[BlackFideId "424269"]
[WhiteElo "2435"]
[BlackElo "2755"]
[Result "0-1"]
[Round "1"]
[TimeControl "180+1"]
[Date "2023.10.31"]
[WhiteClock "0:00:05"]
[BlackClock "0:00:40"]
[Board "56"]

1. e4 d6 2. d4 Nd7 3. Nf3 e5 4. Nc3 Ngf6 5. Bc4 h6 6. a4 Be7 7. O-O a5 8. h3 O-O 9. Bb3 Re8 10. dxe5 dxe5 11. Be3 c6 12. Qe2 Bb4 13. Rad1 Qe7 14. Na2 Bc5 15. Nc3 Bb4 16. Na2 Bd6 17. Qc4 Nf8 18. Nc3 Be6 19. Qd3 Bxb3 20. cxb3 Bb4 21. Qc4 Ng6 22. g3 Red8 23. Kg2 Rxd1 24. Rxd1 Rd8 25. Rd3 Rd7 26. h4 Ng4 27. Bb6 Nf8 28. Na2 Rxd3 29. Qxd3 Bc5 30. Bxc5 Qxc5 31. Qe2 h5 32. Nc1 Qxc1 33. Ng5 Qc5 34. Qf3 f6 35. Nh3 Qd6 36. Qf5 g6 37. Qf3 Ne6 38. Qe2 Qd4 39. Qc2 Nc5 40. Qe2 Qxe4+ 41. Qxe4 Nxe4 42. f3 Ne3+ 43. Kg1 Nxg3 44. Kf2 Ngf5 45. f4 Nd5 0-1


[Site "https://www.chess.com"]

[Event "Titled Tuesday Blitz October 31 Late 2023"]
[White "Bashirli, Nail"]
[Black "whiteglovethief"]
[WhiteFideId "13406809"]
[WhiteElo "2755"]
[BlackElo "2433"]
[Result "1-0"]
[Round "1"]
[TimeControl "180+1"]
[Date "2023.10.31"]
[WhiteClock "0:01:09"]
[BlackClock "0:00:25"]
[Board "57"]

1. e4 e6 2. d4 d5 3. Bd3 dxe4 4. Bxe4 Nf6 5. Bf3 Bd6 6. Ne2 Nbd7 7. O-O O-O 8. c4 Re8 9. Nbc3 e5 10. Bg5 c6 11. Ne4 Be7 12. Nxf6+ Bxf6 13. Bxf6 Qxf6 14. Ng3 exd4 15. Ne4 Qg6 16. Qxd4 Ne5 17. Be2 Bh3 18. Ng3 Rad8 19. Qxa7 Bc8 20. Rad1 Rxd1 21. Rxd1 h5 22. Bxh5 Qc2 23. b3 Bg4 24. Bxg4 Nxg4 25. Rf1 Qd3 26. Qxb7 Re6 27. Qb8+ Kh7 28. Qf4 Rg6 29. Qf5 Qd2 30. Qxf7 Qxa2 31. Qf3 Nf6 32. h3 c5 33. Re1 Qd2 34. Re5 Qc1+ 35. Kh2 Qd2 36. Ne4 Nxe4 37. Qxe4 Qxf2 38. Rh5+ Kg8 39. Qe8+ Qf8 40. Rh8+ Kxh8 41. Qxf8+ Kh7 42. Qf5 Kh6 43. g4 Rf6 44. Qh5# 1-0


[Site "https://www.chess.com"]

[Event "Titled Tuesday Blitz October 31 Late 2023"]
[White "Mazurkiewicz, Michal"]
[Black "Danielyan, Vahe"]
[WhiteFideId "1124943"]
[BlackFideId "13304828"]
[WhiteElo "2430"]
[BlackElo "2754"]
[Result "1-0"]
[Round "1"]
[TimeControl "180+1"]
[Date "2023.10.31"]
[WhiteClock "0:00:08"]
[BlackClock "0:00:51"]
[Board "58"]

1. e4 c5 2. Nf3 d6 3. g3 Nf6 4. d3 g6 5. Bg2 Bg7 6. O-O O-O 7. Re1 Nc6 8. e5 dxe5 9. Nxe5 Nxe5 10. Rxe5 Bg4 11. Qe1 Qb6 12. Nc3 Rfe8 13. Na4 Qd6 14. Nxc5 Nh5 15. Rd5 Qb6 16. h3 e6 17. Nd7 Qc7 18. Rc5 Qxd7 19. hxg4 Nf6 20. Bf4 Nd5 21. Bxd5 exd5 22. Qb4 Bf8 23. Qb5 Qe6 24. Rxd5 a6 25. Qd7 Qe2 26. Rc1 Re7 27. Qxe7 Re8 28. Qxe2 Rxe2 29. Re5 Rxe5 30. Bxe5 Bh6 31. f4 f6 32. Bxf6 Kf7 33. g5 Bf8 34. Re1 1-0


[Site "https://www.chess.com"]

[Event "Titled Tuesday Blitz October 31 Late 2023"]
[White "Blanco Ronquillo, Humberto L."]
[Black "Gabdushev, Ruslan"]
[WhiteFideId "3504239"]
[BlackFideId "4137833"]
[WhiteElo "2752"]
[BlackElo "2427"]
[Result "1-0"]
[Round "1"]
[TimeControl "180+1"]
[Date "2023.10.31"]
[WhiteClock "0:01:22"]
[BlackClock "0:00:30"]
[Board "59"]

1. e4 c6 2. d4 g6 3. h3 Bg7 4. Nf3 d6 5. Bd3 Nf6 6. Be3 O-O 7. Nbd2 Qc7 8. O-O e5 9. c3 Re8 10. a4 a5 11. dxe5 dxe5 12. Nc4 Nfd7 13. b4 axb4 14. cxb4 Na6 15. Qb3 Bf8 16. Bd2 b6 17. Rac1 Ndb8 18. Qb2 f6 19. a5 bxa5 20. Nxa5 Qb6 21. Rb1 Be6 22. Nc4 Qb7 23. Rfc1 Nc7 24. Na5 Rd8 25. Nxb7 1-0


[Site "https://www.chess.com"]

[Event "Titled Tuesday Blitz October 31 Late 2023"]
[White "Belenkaya, Dina"]
[Black "Krzyzanowski, Marcin"]
[WhiteFideId "24142654"]
[BlackFideId "1132199"]
[WhiteElo "2424"]
[BlackElo "2752"]
[Result "0-1"]
[Round "1"]
[TimeControl "180+1"]
[Date "2023.10.31"]
[WhiteClock "0:00:14"]
[BlackClock "0:00:16"]
[Board "60"]

1. g3 d5 2. Nf3 Nc6 3. Bg2 e5 4. d3 Nf6 5. Nbd2 Be7 6. O-O O-O 7. e4 dxe4 8. dxe4 Be6 9. Qe2 Nd4 10. Nxd4 Qxd4 11. c3 Qa4 12. Re1 Rad8 13. b3 Qc6 14. Bb2 a5 15. c4 Bc5 16. Kh1 Ng4 17. Rf1 Qb6 18. f4 Nf2+ 19. Rxf2 Bxf2 20. f5 Bc8 21. Bxe5 Bd4 22. Bxd4 Qxd4 23. Rd1 Rfe8 24. g4 Qd3 25. Bf3 Qxe2 26. Bxe2 Rd4 27. Nf1 Rdxe4 28. Bf3 Re1 29. Kg2 Rxd1 30. Bxd1 Re1 31. Bf3 Ra1 32. a4 Rb1 33. Ne3 Rxb3 34. Nd5 Kf8 35. Nxc7 Rb4 36. Nb5 Rxc4 37. Nd6 Rc2+ 38. Kg3 Bd7 39. Nxb7 Bxa4 40. Nxa5 Rc3 41. Kf4 f6 42. h4 g5+ 43. fxg6 hxg6 44. g5 f5 45. Nb7 Rxf3+ 46. Kxf3 Bc6+ 47. Kf4 Bxb7 48. h5 gxh5 49. Kxf5 Bf3 50. Kf4 Bg4 51. Kg3 Kg7 52. Kh4 Kg6 53. Kg3 Kxg5 54. Kh2 h4 55. Kg1 Kf4 56. Kh2 h3 57. Kg1 Kg3 58. Kh1 Bf3+ 59. Kg1 h2+ 60. Kf1 h1=Q# 0-1


[Site "https://www.chess.com"]

[Event "Titled Tuesday Blitz October 31 Late 2023"]
[White "Koellner, Ruben Gideon"]
[Black "Polaczek, Richard"]
[WhiteFideId "12993093"]
[BlackFideId "200026"]
[WhiteElo "2751"]
[BlackElo "2424"]
[Result "1-0"]
[Round "1"]
[TimeControl "180+1"]
[Date "2023.10.31"]
[WhiteClock "0:01:43"]
[BlackClock "0:00:34"]
[Board "61"]

1. d4 Nf6 2. Nf3 d5 3. e3 c5 4. c3 Nc6 5. Nbd2 e6 6. Bd3 Bd6 7. O-O O-O 8. dxc5 Bxc5 9. b4 Bd6 10. Bb2 a6 11. a3 b5 12. a4 Rb8 13. axb5 axb5 14. Qe2 Qb6 15. e4 Be7 16. e5 Nd7 17. Rfe1 Ba6 18. Nb3 Rfe8 19. Bc1 Nf8 20. Be3 Qb7 21. Nc5 Bxc5 22. Bxc5 Nd7 23. Bd6 Ra8 24. Qc2 Na7 25. Bxh7+ Kh8 26. Bd3 Nc8 27. Ng5 Nf8 28. Bxf8 Rxf8 29. Bxb5 g6 30. Qd3 Bxb5 31. Qh3+ Kg7 32. Qh7# 1-0


[Site "https://www.chess.com"]

[Event "Titled Tuesday Blitz October 31 Late 2023"]
[White "Devagharan, Devina"]
[Black "Szpar, Milosz"]
[WhiteFideId "2061600"]
[BlackFideId "1184989"]
[WhiteElo "2424"]
[BlackElo "2750"]
[Result "0-1"]
[Round "1"]
[TimeControl "180+1"]
[Date "2023.10.31"]
[WhiteClock "0:00:17"]
[BlackClock "0:01:19"]
[Board "62"]

1. d4 d5 2. c4 e6 3. Nc3 c6 4. cxd5 exd5 5. Nf3 Bd6 6. Bg5 Ne7 7. e3 Qb6 8. Qd2 h6 9. Bxe7 Bxe7 10. Bd3 Be6 11. O-O Nd7 12. a3 a5 13. Rac1 O-O 14. Bb1 f5 15. Ne5 Nxe5 16. dxe5 Rad8 17. Rfd1 Kh8 18. Ne2 Qc7 19. Nf4 Bf7 20. e6 Be8 21. Nxd5 Qe5 22. Nxe7 Rxd2 23. Rxd2 Qxe6 24. Nxf5 Rxf5 25. Bxf5 Qxf5 26. Rcd1 Kh7 27. Rd8 Bh5 28. f3 Qf6 29. R8d2 c5 30. Rc1 Qe5 31. Rc3 b5 32. Rdc2 b4 33. axb4 cxb4 34. Rd3 Qb5 35. Rcd2 Bf7 36. e4 a4 37. Kf2 Qc5+ 38. Kg3 a3 39. bxa3 bxa3 40. Rd1 a2 41. Ra1 Qe5+ 0-1


[Site "https://www.chess.com"]

[Event "Titled Tuesday Blitz October 31 Late 2023"]
[White "Rastbod, Ali"]
[Black "victormago"]
[WhiteFideId "12567477"]
[WhiteElo "2747"]
[BlackElo "2423"]
[Result "1-0"]
[Round "1"]
[TimeControl "180+1"]
[Date "2023.10.31"]
[WhiteClock "0:00:05"]
[BlackClock "0:00:00"]
[Board "63"]

1. e4 c5 2. Nc3 d6 3. d4 cxd4 4. Qxd4 Nc6 5. Qd2 g6 6. b3 Bg7 7. Bb2 Nf6 8. O-O-O O-O 9. f3 a5 10. a4 Be6 11. Nge2 Rc8 12. Nf4 Nb4 13. Kb1 Bd7 14. g4 Bc6 15. Bc4 Nd7 16. Nd3 Nxd3 17. cxd3 Ne5 18. Qe2 e6 19. f4 Nd7 20. d4 Nb6 21. Bb5 Bxb5 22. Nxb5 Qd7 23. Rc1 d5 24. e5 Rc6 25. Nd6 Nc8 26. Nb5 Nb6 27. Na7 Rxc1+ 28. Rxc1 Ra8 29. Nb5 Rc8 30. Bc3 Ra8 31. Qd2 Bf8 32. Bxa5 Nc8 33. Rc7 Qe8 34. Bb4 Nb6 35. Rxb7 Nxa4 36. bxa4 Rxa4 37. Bxf8 Qxf8 38. Nd6 Qa8 39. Qb2 Qa5 40. Kc2 Ra2 41. f5 Rxb2+ 42. Kxb2 gxf5 43. gxf5 Qd2+ 44. Kb3 Qd3+ 45. Ka2 Qa6+ 46. Kb1 Qd3+ 47. Ka2 exf5 48. Rb8+ Kg7 49. Ne8+ Kg6 50. Rb6+ Kg5 51. Rb4 Qd2+ 52. Kb3 Qd1+ 53. Ka3 Qa1+ 54. Kb3 Qb1+ 55. Ka3 Qc1+ 56. Kb3 Kf4 57. Nf6 1-0


[Site "https://www.chess.com"]

[Event "Titled Tuesday Blitz October 31 Late 2023"]
[White "Vasudeva, Tanuj"]
[Black "Schmakel, Sam"]
[WhiteFideId "2035863"]
[BlackFideId "2039311"]
[WhiteElo "2422"]
[BlackElo "2747"]
[Result "0-1"]
[Round "1"]
[TimeControl "180+1"]
[Date "2023.10.31"]
[WhiteClock "0:00:33"]
[BlackClock "0:00:12"]
[Board "64"]

1. e4 e6 2. d4 d5 3. Nc3 Bb4 4. e5 Qd7 5. f4 b6 6. Nf3 Ne7 7. Be3 Ba6 8. g4 h5 9. Bxa6 Nxa6 10. gxh5 Nf5 11. Bf2 Bxc3+ 12. bxc3 Rxh5 13. Ng5 g6 14. a4 O-O-O 15. Qd3 Kb7 16. Qb5 c6 17. Qd3 Nc7 18. O-O-O b5 19. Kd2 a6 20. Ra1 Na8 21. h3 Nb6 22. axb5 Nc4+ 23. Ke2 cxb5 24. Rhb1 Rc8 25. Rb4 Rc7 26. Qf3 Rh8 27. Rab1 Rhc8 28. Qd3 Nb6 29. R4b3 Na4 30. Be1 Rc4 31. Nh7 Qe7 32. Ng5 f6 33. Nf3 Qh7 34. h4 Qh5 35. exf6 Nxh4 36. f7 Nxf3 37. Qxf3 Qf5 38. Qd3 Qxf7 39. Ra3 Qxf4 40. Qxg6 Nxc3+ 41. Rxc3 Rxc3 42. Bxc3 Rxc3 43. Qg7+ Rc7 44. Qg6 Qxd4 45. Qd3 Qxd3+ 46. Kxd3 Rc4 47. Re1 Re4 48. Rg1 Kb6 49. Rg7 a5 50. Rd7 a4 51. Rd8 b4 52. Ra8 a3 53. c3 bxc3 54. Rxa3 Rc4 55. Ra1 c2 56. Rc1 Kc5 57. Kd2 e5 0-1


[Site "https://www.chess.com"]

[Event "Titled Tuesday Blitz October 31 Late 2023"]
[White "Fier, Alexandr"]
[Black "Figorito, Nick"]
[WhiteFideId "2107139"]
[BlackFideId "30923689"]
[WhiteElo "2745"]
[BlackElo "2422"]
[Result "1-0"]
[Round "1"]
[TimeControl "180+1"]
[Date "2023.10.31"]
[WhiteClock "0:02:18"]
[BlackClock "0:00:04"]
[Board "65"]

1. b3 Nf6 2. Bb2 g6 3. f4 Bg7 4. Nf3 O-O 5. e3 c5 6. Be2 Nc6 7. O-O d6 8. Qe1 Bg4 9. Qh4 Nb4 10. Na3 Bf5 11. d3 Nc6 12. e4 Bd7 13. f5 a6 14. Nc4 b5 15. Ne3 Nb4 16. a3 Nc6 17. Ng5 Nd4 18. Bxd4 cxd4 19. Nd5 h6 20. Nxf6+ exf6 21. Nh3 g5 22. Qh5 d5 23. Nf2 dxe4 24. dxe4 Bc6 25. Bd3 a5 26. Ng4 Kh7 27. e5 Qd5 28. Rf2 Rfe8 29. exf6 Bf8 30. Rf3 Re3 31. Nxe3 dxe3 32. Re1 Re8 33. c4 bxc4 34. Bxc4 Qd2 35. Bxf7 Qxe1+ 36. Rf1 Qxf1+ 37. Kxf1 e2+ 38. Ke1 Bxa3 39. Qg6+ Kh8 40. Qxh6# 1-0


[Site "https://www.chess.com"]

[Event "Titled Tuesday Blitz October 31 Late 2023"]
[White "Zakarian, David"]
[Black "DopplerCharlotteDeWitte"]
[WhiteFideId "13301276"]
[WhiteElo "2419"]
[BlackElo "2736"]
[Result "0-1"]
[Round "1"]
[TimeControl "180+1"]
[Date "2023.10.31"]
[WhiteClock "0:00:11"]
[BlackClock "0:00:59"]
[Board "66"]

1. d4 d5 2. c4 e6 3. Nc3 Nf6 4. cxd5 exd5 5. Bg5 Bb4 6. e3 h6 7. Bh4 g5 8. Bg3 Ne4 9. Qc2 h5 10. h3 Nxg3 11. fxg3 Be6 12. Bd3 Nd7 13. Ne2 c6 14. O-O-O Qa5 15. Kb1 O-O-O 16. a3 Be7 17. Rhf1 Nf6 18. Nc1 Kb8 19. Nb3 Qc7 20. Na4 Qxg3 21. Nbc5 Bc8 22. Qb3 Ka8 23. Bf5 Qc7 24. Bxc8 Rxc8 25. Rf5 b6 26. Nd3 Ne4 27. Rxf7 Rhf8 28. Rxf8 Rxf8 29. Ne5 Bd6 30. Nd3 Nf2 31. Nc3 Nxd1 32. Nxd1 Rf1 33. Ka2 Qf7 34. Nc3 Qf5 35. Qc2 Kb7 36. Nb4 Bxb4 37. axb4 Qxc2 0-1


[Site "https://www.chess.com"]